Cogmind - Beta 16 @@@ ROGUE MODE // 2025.12.23 @ 21:59:34 Player: tsintsir Result: Destroyed by S-27 Virus with Autogun Performance ------------- Evolutions (3) 1500 Regions Visited (5) 1000 Robots Destroyed (6) 30 Value Destroyed (125) 125 Prototype IDs (1) 20 Alien Tech Used (0) 0 Bonus (0) 0 TOTAL SCORE: 2675 Bonus ------- None Cogmind --------- Core Integrity 0/700 Matter 275/300 Energy 82/100 System Corruption 4% Temperature Cool (0) Movement Core (50) Location -7/Factory Parts ------- > --- POWER (3) -------- (None) > --- PROPULSION (6) --- (None) > --- UTILITY (2) ------ Improved Signal Interpreter > --- WEAPON (2) ------- (None) > --- INVENTORY (5) ---- Seismic Detector Hacking Suite Improved Datajack Peak State ------------ > --- POWER ------------ Light Ion Engine Light Deuterium Engine > --- PROPULSION ------- VTOL Module VTOL Module VTOL Module VTOL Module > --- UTILITY ---------- Improved Sensor Array Improved Signal Interpreter > --- WEAPON ----------- Assault Cannon Improved Datajack > --- INVENTORY -------- Seismic Detector [Rating: 24] Favorites ----------- Power Light Ion Engine Engine Light Ion Engine Power Core Light Nuclear Core Propulsion VTOL Module Wheel Wheel Flight Unit VTOL Module Utility Improved Signal Interpreter Device Improved Sensor Array Storage Small Storage Unit Processor Improved Signal Interpreter Weapon Assault Rifle Energy Gun Shock Rifle Ballistic Gun Assault Rifle Ballistic Cannon Assault Cannon Special Weapon Mining Laser Special Melee Weapon Improved Datajack Build | -11 -10 -9 -9 -8 -7 ------- Run | Yrd Mat Mat Sto Mat Fac Slots Evolved 6 | . . 2 . 2 2 Power 2 | . . . . 1 1 Propulsion 4 | . . 2 . 1 1 Utility . | . . . . . . Weapon . | . . . . . . Parts Attached 28 | 8 5 2 . 7 6 Power 5 | 1 1 . . 2 1 Engine 4 | 1 1 . . 2 . Core 1 | . . . . . 1 Reactor . | . . . . . . Propulsion 11 | 3 3 2 . . 3 Treads . | . . . . . . Leg . | . . . . . . Wheel 4 | 3 1 . . . . Hover . | . . . . . . Flight 7 | . 2 2 . . 3 Utility 4 | 2 . . . 2 . Device 2 | 1 . . . 1 . Storage 1 | 1 . . . . . Processor 1 | . . . . 1 . Hackware . | . . . . . . Protection . | . . . . . . Artifact . | . . . . . . Weapon 8 | 2 1 . . 3 2 Energy Gun 3 | . . . . 1 2 Energy Cannon . | . . . . . . Ballistic Gun 2 | 2 . . . . . Ballistic Cannon 1 | . . . . 1 . Launcher . | . . . . . . Special Weapon 1 | . 1 . . . . Impact Weapon . | . . . . . . Slashing Weapon . | . . . . . . Piercing Weapon . | . . . . . . Special Melee Weapon 1 | . . . . 1 . Unidentified Prototypes 1 | . . . . . 1 Parts Lost 16 | . 3 . . . 13 Power 4 | . 1 . . . 3 Propulsion 8 | . 1 . . . 7 Utility 1 | . . . . . 1 Weapon 3 | . 1 . . . 2 Highest Loss Streak 5 | . 2 . . . 5 To Critical Strikes . | . . . . . . Average Backups 3 | 1 3 1 1 1 4 Power 1 | . . 1 1 . 1 Propulsion . | . 1 . . . . Utility . | . . . . . 1 Weapon . | . . . . . . Tool/Special . | . . . . . . Unused Backups 5 | 2 1 . . . 2 Power . | . . . . . . Propulsion 1 | . 1 . . . . Utility 2 | 1 . . . . 1 Weapon 2 | 1 . . . . 1 Tool/Special . | . . . . . . Average Slot Usage (%) 66 | . 93 85 88 87 52 Engine 9 | . 14 11 11 18 6 Core 1 | . . . . . 3 Wheel 6 | . 27 . . . . Flight 18 | . 1 41 44 36 19 Device 8 | . 14 11 11 9 6 Storage 3 | . 14 . . . . Processor 4 | . . . . 6 7 Energy Gun 3 | . . . . 1 5 Ballistic Gun 7 | . 21 22 22 6 . Special Melee Weapon 1 | . . . . 4 1 Peak Build Rating 24 | 7 9 12 12 24 24 Average Rating 14 | 5 6 11 12 20 17 On Entrance 10 | . 7 8 12 12 24 Avg Prop Armor Cover (%) . | . . . . . . Naked Turns . | . . . . . . Heaviest Build 15 | 15 15 8 8 15 13 Greatest Support 26 | 26 20 16 16 16 16 Greatest Overweight (x) 3 | 1 3 . . . . Average Overweight (x) . | . . . . . . Largest Inventory Capacity 8 | 8 8 5 5 5 5 Average Capacity 5 | 7 7 5 5 5 5 Most Carried 5 | 4 5 2 1 3 5 Average Carried 3 | 1 3 1 1 1 4 Final Capacity 8 | 8 5 5 5 5 5 Final Carried 4 | 4 3 1 1 3 3 Class Distribution -------------------- 68% | Sprinter 31% | Mutant Dominant Class ---------------- Mutant | -10/Materials Sprinter | -9/Materials Sprinter | -9/Storage Sprinter | -8/Materials Sprinter | -7/Factory Resources | -11 -10 -9 -9 -8 -7 ----------- Run | Yrd Mat Mat Sto Mat Fac Matter Collected 521 | 339 17 . 19 78 68 Remotely . | . . . . . . Salvage Created 229 | 99 17 . . . 113 Parts 21 | 13 1 . . . 7 Haulers Intercepted . | . . . . . . Recyclers Shooed . | . . . . . . Parts Field Recycled . | . . . . . . Retrieved Matter . | . . . . . . Parts Self-Destructed . | . . . . . . Prevented . | . . . . . . Parts Restored . | . . . . . . Kills | -11 -10 -9 -9 -8 -7 ------- Run | Yrd Mat Mat Sto Mat Fac Combat Hostiles Destroyed 1 | . . . . . 1 Classes Destroyed 4 | 2 1 . . . 1 Tunneler 2 | 2 . . . . . Recycler 1 | 1 . . . . . Watcher 2 | . 1 . . . 1 Sentry 1 | . . . . . 1 Best Kill Streak 2 | 2 1 . . . 1 Combat Bots Only 1 | . . . . . 1 Max Kills in Single Turn 1 | 1 1 . . . 1 Gunslinging . | . . . . . . Exploded . | . . . . . . Melee . | . . . . . . Uniques/NPCs Destroyed . | . . . . . . Combat | -11 -10 -9 -9 -8 -7 -------- Run | Yrd Mat Mat Sto Mat Fac Hostile Shots Fired 256 | . 36 7 24 . 189 Missed 108 | . 11 4 12 . 81 Hits 148 | . 25 3 12 . 108 Projectile 148 | . 25 3 12 . 108 Critical Strikes 4 | . 2 . . . 2 Damage Taken 1764 | . 351 21 156 . 1236 Core 895 | . 120 7 67 . 701 Absorbed by Shields 65 | . . . . . 65 Core Remaining (%) 83 | 100 52 . 81 100 . Volleys Fired 36 | 11 2 . . 1 22 Largest 2 | 2 2 . . 1 1 Hottest 55 | 40 40 . . 37 55 Shots Fired 49 | 22 4 . . 1 22 Gun 48 | 22 4 . . . 22 Cannon 1 | . . . . 1 . Launcher . | . . . . . . Special . | . . . . . . Kinetic 27 | 22 4 . . 1 . Thermal . | . . . . . . Explosive . | . . . . . . Electromagnetic 22 | . . . . . 22 Robot Hit Streak 13 | 6 2 . . . 13 Robot Miss Streak 3 | 3 1 . . . 2 Penetration Max . | . . . . . . Secondary Targets . | . . . . . . Shots Hit Robots 29 | 11 2 . . . 16 Core Hits 9 | 4 1 . . . 4 Critical Kills . | . . . . . . Critical Parts Destroyed . | . . . . . . Critical Strikes . | . . . . . . Melee Attacks . | . . . . . . Impact . | . . . . . . Slashing . | . . . . . . Piercing . | . . . . . . Sneak Attacks . | . . . . . . Combat Hostiles . | . . . . . . Follow-up Attacks . | . . . . . . Damage Inflicted 477 | 169 38 . . . 270 Guns 401 | 169 26 . . . 206 Cannons . | . . . . . . Explosions 64 | . . . . . 64 Melee . | . . . . . . Ramming 12 | . 12 . . . . Kinetic 195 | 169 26 . . . . Thermal 64 | . . . . . 64 Explosive . | . . . . . . Electromagnetic 206 | . . . . . 206 Impact . | . . . . . . Slashing . | . . . . . . Piercing . | . . . . . . Highest Corruption 4 | . . . 1 . 4 Average Corruption 2 | . . . 1 . 3 Corruption Purged . | . . . . . . Corruption Blocked . | . . . . . . Effects 2 | . . . . . 2 Message Errors 2 | . . . . . 2 Overload Shots . | . . . . . . Overflow Damage . | . . . . . . Projectiles . | . . . . . . Explosions . | . . . . . . Melee . | . . . . . . Knockbacks . | . . . . . . Impact . | . . . . . . Kinetic . | . . . . . . Secondary . | . . . . . . Self-Inflicted Damage 5 | . 5 . . . . Shots . | . . . . . . Rammed 3 | . 3 . . . . Targets Rammed 3 | . 3 . . . . Kicked . | . . . . . . Crushed . | . . . . . . Highest Temperature 164 | . 7 . 9 2 164 Average Temperature 53 | . 7 . 4 1 76 Received Heat Transfer 441 | . 234 . 63 . 144 Siege Activations . | . . . . . . Martial Activations . | . . . . . . Shielding Activations . | . . . . . . Robots Disrupted . | . . . . . . Combat Hostiles . | . . . . . . Robots Corrupted 1 | . . . . . 1 Combat Hostiles 1 | . . . . . 1 Parts Fried 2 | . . . . . 2 Impact Corruptions . | . . . . . . Robots Melted . | . . . . . . Combat Hostiles . | . . . . . . Parts Melted . | . . . . . . Heat Transferred 100 | . . . . . 100 Parts Sabotaged . | . . . . . . Parts Stolen . | . . . . . . Parts Stripped . | . . . . . . Power Chain Reactions 1 | . . . . . 1 Alert | -11 -10 -9 -9 -8 -7 ------- Run | Yrd Mat Mat Sto Mat Fac Maximum Alert Level . | . . . . . . Low Security (%) 100 | 100 100 100 100 100 100 Level 1 . | . . . . . . Level 2 . | . . . . . . Level 3 . | . . . . . . Level 4 . | . . . . . . Level 5 . | . . . . . . High Security . | . . . . . . Max Security . | . . . . . . Peak Influence 150 | 5 75 49 55 40 150 Initial 25 | . . 17 20 25 9 Average 46 | 2 27 24 42 29 62 Influence Increases 686 | 15 178 42 60 15 376 Destroy 0b10 Robot/C 20 | . . . . . 20 Destroy 0b10 Robot/NC 25 | 15 5 . . . 5 Destroy Leader 14 | . 2 . . . 12 Successful Hack 87 | . 6 12 15 . 54 Disable Machine 15 | . . . . 15 . Partial Spotted 75 | . . . 45 . 30 Lose Combat Pursuer 450 | . 165 30 . . 255 Influence Decreases 686 | 15 136 35 49 55 396 Entered New Map 100 | . . 25 29 35 11 Time Decay 442 | 15 96 10 20 20 281 Lost Part 134 | . 30 . . . 104 Lost Ally 10 | . 10 . . . . Squads Dispatched 8 | . . 1 1 1 5 Investigation 2 | . . 1 . . 1 Extermination 3 | . . . . . 3 Reinforcement 3 | . . . 1 1 1 Assault . | . . . . . . Garrison . | . . . . . . Intercept . | . . . . . . Searches Triggered . | . . . . . . Construction Impeded 1 | . . . . . 1 Haulers Reinforced . | . . . . . . Active Scanning Responses . | . . . . . . Cargo Convoy Interrupts . | . . . . . . Stealth | -11 -10 -9 -9 -8 -7 --------- Run | Yrd Mat Mat Sto Mat Fac Distress Signals 4 | . . . . . 4 Communications Jammed . | . . . . . . Distress Signals . | . . . . . . Times Spotted 62 | . 14 7 12 1 28 Peak Tracking Total 10 | . 5 6 10 1 7 Tactical Retreats 12 | . 4 1 . . 7 Traps | -11 -10 -9 -9 -8 -7 ------- Run | Yrd Mat Mat Sto Mat Fac Traps Triggered 5 | . . . . . 5 Indirectly . | . . . . . . Trap Hack Attempts . | . . . . . . Triggered . | . . . . . . Disarmed . | . . . . . . Reprogrammed . | . . . . . . Reused . | . . . . . . Traps Extracted . | . . . . . . Installed . | . . . . . . Triggered . | . . . . . . Machines | -11 -10 -9 -9 -8 -7 ---------- Run | Yrd Mat Mat Sto Mat Fac Machines Disabled 1 | . . . . 1 . Max in Single Turn 1 | . . . . 1 . Machines Repaired . | . . . . . . Machines Dismantled . | . . . . . . Machines Sabotaged . | . . . . . . Overloaded Fab Kills . | . . . . . . Hacking | -11 -10 -9 -9 -8 -7 --------- Run | Yrd Mat Mat Sto Mat Fac Machines Accessed 24 | . 5 3 5 . 11 Terminals 23 | . 5 3 5 . 10 Fabricators 1 | . . . . . 1 Repair Stations . | . . . . . . Recycling Units . | . . . . . . Scanalyzers . | . . . . . . Garrison Access . | . . . . . . Total Hacks 54 | . 10 8 9 . 27 Successful 17 | . 4 2 3 . 8 Failed 37 | . 6 6 6 . 19 Catastrophic 14 | . 1 3 2 . 8 Database Lockouts . | . . . . . . Manual 51 | . 10 8 8 . 25 Terminals 52 | . 10 8 9 . 25 Fabricators 2 | . . . . . 2 Repair Stations . | . . . . . . Recycling Units . | . . . . . . Scanalyzers . | . . . . . . Garrison Access . | . . . . . . Terminal Hacks 10 | . 1 1 3 . 5 Record 1 | . . . . . 1 Open Door 1 | . . . 1 . . Level Access Points 1 | . . . 1 . . Emergency Access Points 1 | . . . . . 1 Terminal Index 4 | . 1 1 1 . 1 Garrison Index 1 | . . . . . 1 Registered Components 1 | . . . . . 1 Fabricator Hacks 1 | . . . . . 1 Network Status 1 | . . . . . 1 Repair Station Hacks . | . . . . . . Recycling Unit Hacks . | . . . . . . Scanalyzer . | . . . . . . Garrison Access Hacks . | . . . . . . Unauthorized Hacks 6 | . 3 1 . . 2 Terminals 6 | . 3 1 . . 2 Assimilate 4 | . 2 1 . . 1 Operators 2 | . 1 . . . 1 Fabricators . | . . . . . . Repair Stations . | . . . . . . Recycling Units . | . . . . . . Scanalyzers . | . . . . . . Garrison Access . | . . . . . . Data Cores Recovered . | . . . . . . Used . | . . . . . . Hacking Detections 21 | . 3 3 4 . 11 Full Trace Events 4 | . . 2 1 . 1 Feedback Events 1 | . . . 1 . . Corruption 1 | . . . 1 . . Feedback Blocked . | . . . . . . Robot Schematics Acquired . | . . . . . . Robots Built . | . . . . . . Authchips . | . . . . . . Time . | . . . . . . Total Robot Build Rating . | . . . . . . Part Schematics Acquired . | . . . . . . Parts Built . | . . . . . . Authchips . | . . . . . . Time . | . . . . . . Total Part Build Rating . | . . . . . . Part Studies Acquired . | . . . . . . Parts Repaired . | . . . . . . Time . | . . . . . . Parts Recycled . | . . . . . . Recycled Matter . | . . . . . . Retrieved Matter . | . . . . . . Retrieved Components . | . . . . . . Parts Scanalyzed . | . . . . . . Part Schematics Acquired . | . . . . . . Parts Damaged . | . . . . . . Bothacking | -11 -10 -9 -9 -8 -7 ------------ Run | Yrd Mat Mat Sto Mat Fac Used RIF Installer . | . . . . . . Robots Hacked . | . . . . . . Non-combat . | . . . . . . Combat . | . . . . . . Robot Hacks Applied . | . . . . . . Relay Couplers Released . | . . . . . . Fabnet Peak Effective % . | . . . . . . Robots Rewired . | . . . . . . Allies Hacked . | . . . . . . Hacks Repelled . | . . . . . . Allies | -11 -10 -9 -9 -8 -7 -------- Run | Yrd Mat Mat Sto Mat Fac Total Allies 2 | . 1 1 . . . Largest Group 1 | . 1 1 1 . . Highest-Rated Group 10 | . 10 10 9 . . Highest-Rated Ally 10 | . 10 10 9 . . Total Orders . | . . . . . . Ally Attacks . | . . . . . . Total Damage . | . . . . . . Kills . | . . . . . . Allies Corrupted . | . . . . . . Allies Melted . | . . . . . . Intel | -11 -10 -9 -9 -8 -7 ------- Run | Yrd Mat Mat Sto Mat Fac Active Infowar (turns) 1146 | 41 270 33 51 52 699 Sensors 740 | . . . . 41 699 Seismic 406 | 41 270 33 51 11 . Robot Analysis Total . | . . . . . . Derelict Logs Recovered . | . . . . . . Drone Launches . | . . . . . . Drone Recoveries . | . . . . . . Exploration | -11 -10 -9 -9 -8 -7 ------------- Run | Yrd Mat Mat Sto Mat Fac Turns Passed 1294 | 106 270 33 51 52 782 Spaces Moved 2229 | 61 299 94 192 135 1448 Core 67 | 11 . . . . 56 Treads . | . . . . . . Legs . | . . . . . . Wheels 342 | 50 292 . . . . Hover . | . . . . . . Flight 1820 | . 7 94 192 135 1392 Fastest Speed 26 | 50 32 26 26 26 26 Average Speed 37 | 81 79 26 26 26 30 Slowest Speed 275 | 100 275 26 26 26 50 Overloaded Moves . | . . . . . . Propulsion Burnouts . | . . . . . . Robots Hopped 20 | . . . 6 1 13 Potential Cave-ins . | . . . . . . Cave-ins Triggered . | . . . . . . Exploration Rate (%) 28 | 4 53 10 45 15 42 Regions Visited 5 Branch Regions 1 Pre-discovered Areas . | . . . . . . Known Exits Taken 2 | . . . 1 1 . Unknown Exits Taken 3 | 1 1 1 . . . Scrap Searched . | . . . . . . Spaces Dug . | . . . . . . Terrain Destroyed . | . . . . . . Melee . | . . . . . . Projectile . | . . . . . . AOE . | . . . . . . Terrain Rammed . | . . . . . . Walls Destroyed . | . . . . . . Machines Disabled . | . . . . . . Actions | -11 -10 -9 -9 -8 -7 --------- Run | Yrd Mat Mat Sto Mat Fac Total 2605 | 93 327 101 186 148 1750 Wait 254 | 3 7 6 1 . 237 Move 2187 | 60 298 93 180 132 1424 Hop 17 | . . . 5 1 11 Pick Up 17 | 8 3 . . 2 4 Fast Attach 21 | 6 2 . . 6 7 Attach 13 | 2 5 2 . 1 3 Detach 5 | . 2 . . 1 2 Swap 1 | . 1 . . . . Drop 16 | 3 4 . . 4 5 Fire 36 | 11 2 . . 1 22 Melee . | . . . . . . Ram 3 | . 3 . . . . Kick . | . . . . . . Crush . | . . . . . . Escape Stasis 35 | . . . . . 35 Rewire . | . . . . . . Trap . | . . . . . . Miscellaneous . | . . . . . . Route ------- -11/Scrapyard -10/Materials -9/Materials -9/Storage -8/Materials -7/Factory History --------- Turn | Location | Event 4 | -11/Scrapyard | Discovered new exit (range 15) 107 | -11/Scrapyard | Entered Materials 315 | -10/Materials | Build established: Mutant 347 | -10/Materials | Discovered new exit (range 16) 377 | -10/Materials | Entered another Materials area 377 | -9/Materials | Evolved 2 slots: Propulsion x2 383 | -9/Materials | Discovered new exit (range 12) 410 | -9/Materials | Entered Storage 410 | -9/Storage | Accompanied by 1 ally 436 | -9/Storage | Identified exit to Materials 461 | -9/Storage | Entered Materials 461 | -8/Materials | Evolved 2 slots: Power x1, Propulsion x1 509 | -8/Materials | Discovered new exit (range 16) 513 | -8/Materials | Identified exit to Factory 513 | -8/Materials | Entered Factory 513 | -7/Factory | Evolved 2 slots: Power x1, Propulsion x1 665 | -7/Factory | Build established: Sprinter 1243 | -7/Factory | Core integrity fell below 50% 1271 | -7/Factory | Lost 5 parts (1p2n1u1w) 1281 | -7/Factory | Core integrity fell below 20% 1295 | -7/Factory | Destroyed by S-27 Virus with Autogun Last Messages --------------- to Factory Zone 4S. 01229_ C-30 ARC bursts open, deploying its payload. 01229_ S-27 Virus unfolds itself. 01233_ Lgt. Nuclear Core destroyed. 01235_ U-05 Engineer builds a Door. 01240_ Cesium-ion Thruster destroyed. 01250_ Triggered Shock Trap. 01250_ The floor emits a surge of raw power. 01250_ System corrupted (+1). 01254_ U-05 Engineer lays Concrete. 01257_ K-01 Serf cleans the Assembly Bed. 01262_ NTQESQ4YUSXGA&9GK7MO=9=J 5 01268_ Acquired Cesium-ion Thruster. 01273_ Lgt. Deuterium Engine destroyed. 01277_ Acquired Prototype Energy Gun. 01277_ Identified Prc. Shock Rifle. 01281_ Cesium-ion Thruster destroyed. 01290_ 2OU OD7NRF